 Dungeon Crawl Stone Soup version 0.25-a0-842-g81a31cfd23 (webtiles) character file.

Game seed: 11262569494091956712, levelgen mode: deterministic

36 Bapho the Magician (level 3, 0/19 HPs)
             Began as a Deep Elf Wizard on Apr 25, 2020.
             Slain by Sigmund
             ... wielding a +0 scythe
              (1 damage)
             ... on level 2 of the Dungeon.
             The game lasted 00:06:03 (2188 turns).

Bapho the Magician (Deep Elf Wizard)                Turns: 2188, Time: 00:06:04

Health: 0/19       AC:  2    Str:  4    XL:     3   Next: 19%
Magic:  3/11       EV: 13    Int: 23    God:
Gold:   51         SH:  0    Dex: 13    Spells: 5/12 levels left

rFire    . . .     SeeInvis .   f - +0 hand axe
rCold    . . .     Gourm    .   (no shield)
rNeg     . . .     Faith    .   a - +0 robe
rPois    .         Spirit   .   b - +0 hat
rElec    .         Reflect  .   (no cloak)
rCorr    .         Harm     .   (no gloves)
MR       .....                  (no boots)
Stlth    +.........             (no amulet)
HPRegen  0.06/turn              (no ring)
MPRegen  0.12/turn              (no ring)

@: confused
A: no striking features
a: no special abilities


You were on level 2 of the Dungeon.
You were hungry.

You visited 1 branch of the dungeon, and saw 2 of its levels.

You collected 51 gold pieces.

Inventory:

Hand Weapons
 c - a +0 club
 f - a +0 hand axe (weapon)
Armour
 a - a +0 robe (worn)
 b - a +0 hat (worn)
Jewellery
 h - a cursed ring of attention {unknown}
Scrolls
 e - 2 scrolls of fog {unknown}
 g - 2 scrolls of remove curse {unknown}
 i - a scroll of noise {unknown}
 j - 2 scrolls of identify {unknown}
 k - a scroll of immolation {unknown}
Potions
 l - a potion of haste {unknown}
 m - a potion of heal wounds {unknown}
 n - a potion of mutation {unknown}
Comestibles
 d - 5 rations


   Skills:
 - Level 2.4 Dodging
 - Level 2.4 Stealth
 + Level 5.3 Spellcasting
 + Level 2.5 Conjurations
 - Level 1.1 Summonings
 - Level 1.1 Translocations


You had 5 spell levels left.
You knew the following spells:

 Your Spells              Type           Power        Failure   Level  Hunger
a - Magic Dart            Conj           ###.         3%          1    None
b - Blink                 Tloc           N/A          9%          2    None
c - Call Imp              Summ           ##......     9%          2    None
d - Slow                  Hex            #.......     14%         2    None

Your spell library contained the following spells:

 Spells                   Type           Power        Failure   Level  Hunger
 Conjure Flame            Conj/Fire      ##......     16%         3    ##.....
 Mephitic Cloud           Conj/Pois/Air  ##......     19%         3    ##.....


Dungeon Overview and Level Annotations

Branches:
Dungeon (2/15)

Altars:
Nemelex Xobeh

Annotations:
D:2 Sigmund


Message History

Uppercase [Y]es or [N]o only, please.
Are you sure you want to stumble around while confused and next to your crimson imp?
Okay, then.
Are you sure you want to stumble around while confused and next to your crimson imp?
You miss your crimson imp. You miss something.
Your crimson imp disappears in a puff of smoke!
You hear some strange, mumbled words.
A puff of flame appears from out of thin air!
The puff of flame misses you.
Are you sure you want to stumble around while confused and next to your crimson imp?
Okay, then.
Are you sure you want to stumble around while confused and next to your crimson imp?
Okay, then.
You hear some strange, mumbled words.
You are more confused.
Are you sure you want to stumble around while confused and next to your crimson imp?
Okay, then.
Your white imp barely misses your crimson imp.
Something hits you.
You die...

#..
#..
#.#
#.#
#.#
#.#
#.###
#@5.#
#..5#
#...#
##.##
#.#
#.#
#.#
#.#
#.#


You could see a friendly crimson imp and a friendly white imp (confused).

Vanquished Creatures
  An ooze (D:2)
  A worm (D:2)
  2 leopard geckos
  2 giant cockroaches (D:1)
  5 goblins
  2 hobgoblins (D:1)
  2 jackals (D:2)
  2 bats (D:2)
  A frilled lizard (D:1)
  A kobold (D:2)
  3 rats
22 creatures vanquished.

Vanquished Creatures (collateral kills)
  A worm (D:2)
1 creature vanquished.

Grand Total: 23 creatures vanquished

Notes
Turn   | Place    | Note
-------+----------+-------------------------------------------
     0 | D:1      | Bapho the Deep Elf Wizard began the quest for the Orb.
     0 | D:1      | Reached XP level 1. HP: 10/10 MP: 7/7
   319 | D:1      | Reached XP level 2. HP: 15/15 MP: 2/9
   481 | D:1      | Learned a level 2 spell: Blink
   484 | D:1      | Learned a level 2 spell: Call Imp
   487 | D:1      | Learned a level 2 spell: Slow
  1047 | D:2      | Found a sparkling altar of Nemelex Xobeh.
  1063 | D:2      | Reached skill level 5 in Spellcasting
  1724 | D:2      | Reached XP level 3. HP: 9/19 MP: 5/11
  2167 | D:2      | Noticed Sigmund
  2188 | D:2      | Slain by Sigmund

Levels and vault maps discovered:
D:1:      lightli_arrival_boilingwater, layout_basic
D:2:      layout_loops_ring, overflow_temple_1_default,
          overflow_temple_1_default, hangedman_feature_mirror, uniq_sigmund

Skill      XL: |  1  2 |
---------------+-------+-----
Conjurations   | 2 |  2.5
Spellcasting   | 5 |  5.3
Dodging        | |  2.4
Stealth        | |  2.4
Summonings     | |  1.1
Translocations | |  1.1

Action                   || total
-------------------------++-------
Melee: Hand axe          ||    32
 Cast: Magic Dart        ||    66
       Call Imp          ||     6
  Eat: Chunk             ||     3
Armor: Robe              ||     6
Dodge: Dodged            ||    32

Table legend:
 A = Non-vault XP
 B = Vault XP
 C = Vault XP percentage of total XP
 D = Non-vault monster count
 E = Vault monster count
 F = Vault count percentage of total count
                 A         B        C        D         E       F
            +---------+---------+-------+---------+---------+-------
      Total |      46 |       6 |  11.5 |      20 |       3 |  13.0
            +---------+---------+-------+---------+---------+-------
        D:1 |      20 |       0 |   0.0 |      11 |       0 |   0.0
        D:2 |      26 |       6 |  18.8 |       9 |       3 |  25.0
            +---------+---------+-------+---------+---------+-------
